 Dungeon Crawl Stone Soup version 0.31.0-11-ge490571c62 (webtiles) character file.

Game seed: 10043572585743732720

1572 bearlyready the Covert (level 8, 0/59 (64) HPs)
             Began as a Gnoll Brigand on Feb 8, 2024.
             Was an Initiate of Ru.
             Slain by a wight
             ... wielding a +3 hand axe
              (8 damage)
             ... on level 6 of the Dungeon.
             The game lasted 00:10:01 (6042 turns).

bearlyready the Covert (Gnoll Brigand)              Turns: 6042, Time: 00:10:01

HP:   0/59 (64)     AC:  7    Str: 11    XL:     8   Next: 90%
MP:   13/13         EV: 12    Int: 11    God:    Ru [......]
Gold: 220           SH:  0    Dex: 15    Spells: 14/14 levels left

rFire   . . .        k - +1 dagger (venom)
rCold   . . .        (no shield)
rNeg    . . .        m - +0 ring mail
rPois   .            (no helmet)
rElec   .            c - +0 cloak
rCorr   .            (no gloves)
SInv    .            (no boots)
Will    .....        (no amulet)
Stlth   +++          q - ring of flight
HPRegen 0.29/turn    (no ring)
MPRegen 0.13/turn

%: no passive effects
@: flying, drained
A: fangs 1, strong nose, distributed training
a: Renounce Religion


You were on level 6 of the Dungeon.
You worshipped Ru.
Ru was noncommittal.
You visited 2 branches of the dungeon, and saw 7 of its levels.

You collected 394 gold pieces.
You spent 174 gold pieces at shops.

Inventory:

Hand Weapons
 a - a +2 dagger
 k - a +1 dagger of venom (weapon)
 u - a +4 short sword
 x - a +1 war axe of venom
 K - a +0 morningstar
Missiles
 d - 15 poisoned darts
 e - 3 curare-tipped darts
 s - a throwing net
 y - 6 boomerangs (quivered)
 A - 26 stones
Armour
 b - a +0 robe
 c - a +0 cloak (worn)
 m - a +0 ring mail (worn)
Magical Staves
 n - a staff of earth
Jewellery
 q - a ring of flight (left hand)
 I - a ring of willpower
Wands
 E - a wand of charming (2)
 H - a wand of digging (6)
 J - a wand of iceblast (6)
Scrolls
 f - a scroll of fear {unknown}
 h - 2 scrolls of vulnerability {unknown}
 i - a scroll of poison {unknown}
 w - a scroll of noise {unknown}
 B - 3 scrolls of identify {unknown}
 C - a scroll of immolation {unknown}
 D - a scroll of summoning {unknown}
 F - a scroll of amnesia {unknown}
 G - a scroll of fog {unknown}
Potions
 g - 3 potions of curing
 j - 2 potions of degeneration {unknown}
 l - 3 potions of brilliance {unknown}
 o - 4 potions of attraction {unknown}
 p - a potion of magic {unknown}
 r - a potion of mutation {unknown}
 t - a potion of invisibility {unknown}
 v - 2 potions of enlightenment {unknown}
 z - a potion of berserk rage {unknown}


   Skills:
 + Level 6.0 Fighting
 + Level 6.0 Short Blades
 + Level 3.8 Long Blades
 + Level 3.8 Axes
 + Level 3.8 Maces & Flails
 + Level 3.8 Polearms
 + Level 3.8 Staves
 + Level 3.8 Ranged Weapons
 + Level 6.0 Throwing
 + Level 3.8 Armour
 + Level 4.6 Dodging
 + Level 8.7 Stealth
 + Level 3.8 Shields
 + Level 3.8 Unarmed Combat
 + Level 3.8 Spellcasting
 + Level 3.1 Conjurations
 + Level 3.1 Hexes
 + Level 3.1 Summonings
 + Level 3.1 Necromancy
 + Level 3.1 Translocations
 + Level 3.1 Fire Magic
 + Level 3.1 Ice Magic
 + Level 3.1 Air Magic
 + Level 3.1 Earth Magic
 + Level 3.1 Alchemy
 + Level 4.2 Invocations
 + Level 3.8 Evocations
 + Level 3.4 Shapeshifting


You had 14 spell levels left.
You didn't know any spells.
Your spell library contained the following spells:

 Spells                   Type           Power      Damage    Failure   Level
 Magic Dart               Conj           36%        1d4       16%         1
 Slow                     Hex            36%        N/A       16%         1
 Summon Small Mammal      Summ           36%        N/A       16%         1
 Blink                    Tloc           18%        N/A       22%         2
 Call Imp                 Summ           18%        N/A       22%         2
 Call Canine Familiar     Summ           9%         N/A       41%         3
 Confusing Touch          Hex            9%         N/A       41%         3
 Sigil of Binding         Hex            9%         N/A       41%         3
 Vampiric Draining        Necr           9%         2d6       41%         3
 Summon Blazeheart Golem  Fire/Summ      9%         N/A       83%         4


Dungeon Overview and Level Annotations

Branches:
Dungeon (6/15)             Temple (1/1) D:6

Altars:
Ashenzari
Cheibriados
Dithmenos
Elyvilon
Fedhas
Hepliaklqana
Kikubaaqudgha
Makhleb
Nemelex Xobeh
Okawaru
Qazlal
Ru
Sif Muna
Trog
Uskayaw
Vehumet
Wu Jian
Xom
Yredelemnul
Zin
The Shining One

Shops:
D:2 *:[*   D:4 [=*   D:6 =

Annotations:
D:5 2 transporters


Innate Abilities, Weirdness & Mutations

You have very sharp teeth.
Your uncanny sense of smell can sniff out nearby items.
Your experience applies equally to all skills.


Message History

The wight barely misses you.
You hit the wight but do no damage.
The wight is lightly damaged.
The wight hits you but does no damage.
You hit the wight but do no damage.
The wight is lightly damaged.
You hit the wight but do no damage.
The wight is lightly damaged.
The wight hits you with a +3 hand axe!
You feel drained.
You hit the wight but do no damage.
The wight is lightly damaged.
The wight closely misses you.
You see here a +0 robe.
The wight attacks as it pursues you! The wight hits you with a +3 hand axe!
* * * LOW HITPOINT WARNING * * *
You hit the wight but do no damage. You bite the wight, but do no damage.
The wight is lightly damaged.
You hit the wight but do no damage. You bite the wight.
The wight is moderately damaged.
The wight hits you with a +3 hand axe.
* * * LOW HITPOINT WARNING * * *
You feel drained.
You feel better. The wight hits you with a +3 hand axe!
* * * LOW HITPOINT WARNING * * *
Aiming: Charm
Press: ? - help, Shift-Dir - straight line, f - wight
Aim: a wight, wielding a +3 hand axe and wearing a +0 robe (moderately damaged, chance to affect: 59%)
The wight resists with significant effort.
The wight closely misses you.
Aiming: Charm
Press: ? - help, Shift-Dir - straight line, f/p - wight
Aim: a wight, wielding a +3 hand axe and wearing a +0 robe (moderately damaged, chance to affect: 59%)
The wight resists with significant effort.
The wight barely misses you.
Aiming: Charm
Press: ? - help, Shift-Dir - straight line, f/p - wight
Aim: a wight, wielding a +3 hand axe and wearing a +0 robe (moderately damaged, chance to affect: 59%)
The wight resists with significant effort.
The wight hits you with a +3 hand axe!
You die...

.#..# .# #.# .'.##
.# #.# .### ###
###.#####.# .#
..########........
###
#................
#.# #.......$)...#
..# #.#####.##z###
.# #.# #.# #.##z#
∆###.# #<#####.#
#.##@##########...#
#.......###
#.##........)....#
..........#
#.################
#########.# #.# #
#.# #.# # #.###.# #
#.....# #######


You could see 2 wights.

Vanquished Creatures
  2 ice beasts
  A sky beast (D:4)
  A black bear (D:5)
  An ogre (D:5)
  2 centaurs (D:5)
  2 phantoms (D:4)
  A scorpion (D:6)
  A wight (D:6)
  2 bombardier beetles
  4 hounds
  2 jellies
  3 iguanas
  A sleepcap (D:5)
  4 orc wizards (D:6)
  9 adders
  3 gnolls (D:3)
  2 dart slugs (D:1)
  4 ribbon worms
  6 orcs
  12 endoplasms
  3 giant cockroaches (D:1)
  6 goblins
  8 hobgoblins
  10 kobolds
  2 quokkas (D:1)
  7 ball pythons
  6 bats
  6 frilled lizards
  6 rats
117 creatures vanquished.

Vanquished Creatures (others)
  A wight (D:6)
1 creature vanquished.

Grand Total: 118 creatures vanquished

Notes
Turn   | Place    | Note
-------+----------+-------------------------------------------
     0 | D:1      | bearlyready the Gnoll Brigand began the quest for the Orb.
     0 | D:1      | Reached XP level 1. HP: 20/20 MP: 1/1
    77 | D:1      | Reached XP level 2. HP: 21/26 MP: 2/2
   421 | D:1      | Reached XP level 3. HP: 31/31 MP: 3/3
   904 | D:2      | Reached skill level 1 in Invocations
   929 | D:2      | Found Teuz's Antique Armour Shop.
  1028 | D:2      | Reached skill level 1 in Long Blades
  1028 | D:2      | Reached skill level 1 in Axes
  1028 | D:2      | Reached skill level 1 in Maces & Flails
  1028 | D:2      | Reached skill level 1 in Polearms
  1028 | D:2      | Reached skill level 1 in Staves
  1028 | D:2      | Reached skill level 1 in Ranged Weapons
  1028 | D:2      | Reached skill level 1 in Armour
  1028 | D:2      | Reached skill level 1 in Shields
  1028 | D:2      | Reached skill level 1 in Unarmed Combat
  1028 | D:2      | Reached skill level 1 in Spellcasting
  1028 | D:2      | Reached skill level 1 in Evocations
  1188 | D:2      | Found Heohin's General Store.
  1335 | D:2      | Reached skill level 1 in Shapeshifting
  1335 | D:2      | Reached XP level 4. HP: 38/38 MP: 5/5
  1372 | D:2      | Found Xauth's Assorted Antiques.
  1398 | D:2      | Found Rielest's Book Shop.
  1582 | D:2      | Reached skill level 1 in Conjurations
  1582 | D:2      | Reached skill level 1 in Hexes
  1582 | D:2      | Reached skill level 1 in Summonings
  1582 | D:2      | Reached skill level 1 in Necromancy
  1582 | D:2      | Reached skill level 1 in Translocations
  1582 | D:2      | Reached skill level 1 in Fire Magic
  1582 | D:2      | Reached skill level 1 in Ice Magic
  1582 | D:2      | Reached skill level 1 in Air Magic
  1582 | D:2      | Reached skill level 1 in Earth Magic
  1582 | D:2      | Reached skill level 1 in Alchemy
  2187 | D:3      | Reached XP level 5. HP: 43/43 MP: 5/7
  2442 | D:3      | Reached skill level 8 in Stealth
  2759 | D:4      | Found Ibockik's Jewellery Boutique.
  2764 | D:4      | Reached XP level 6. HP: 50/50 MP: 8/8
  2817 | D:4      | Reached skill level 5 in Fighting
  2817 | D:4      | Reached skill level 5 in Short Blades
  2817 | D:4      | Reached skill level 5 in Throwing
  2998 | D:4      | Found Gaff's Antique Armour Emporium.
  3330 | D:4      | Reached XP level 7. HP: 55/56 MP: 10/10
  3731 | D:4      | Found Umofyot's Assorted Antiques.
  3738 | D:4      | Bought 2 potions of curing for 174 gold pieces
  3952 | D:5      | Entered Level 5 of the Dungeon
  4221 | D:5      | Found a transporter.
  4405 | D:5      | Reached XP level 8. HP: 63/63 MP: 12/12
  4977 | D:5      | Found a transporter.
  5249 | D:6      | Found a staircase to the Ecumenical Temple.
  5276 | Temple   | Entered the Ecumenical Temple
  5293 | Temple   | Became a worshipper of Ru the Awakened
  5580 | D:6      | Found Gyl Qun's Jewellery Shoppe.
  6042 | D:6      | Slain by a wight

Illustrated notes

Levels and vault maps discovered:
D:1:      lordsloth_arrival_two_stooges, layout_basic, minmay_shallow_snake_nest
D:2:      minmay_razor_zed, layout_loops_corners, serial_shops, shop, shop,
          shop, nicolae_shop_pleasant_corner_grove, dk_noncrumbling_4
D:3:      layout_basic
D:4:      layout_basic, serial_glass, glass_columns_a, glass_columns_b,
          serial_shops, nicolae_stop_n_shop_1, shop,
          nicolae_shop_getting_attention
D:5:      gammafunk_cloud_chamber, layout_layer_cave
D:6:      layout_loops_ring, minmay_temple_entry_hall, serial_shops,
          nicolae_shop_trees
Temple:   compressed_dpeg_circular_temple

Skill      XL: |  1  2  3  4  5  6  7  8 |
---------------+-------------------------+-----
Invocations    | 1 2 3 4 |  4.2
Long Blades    | 1 2 3 |  3.8
Axes           | 1 2 3 |  3.8
Maces & Flails | 1 2 3 |  3.8
Polearms       | 1 2 3 |  3.8
Staves         | 1 2 3 |  3.8
Ranged Weapons | 1 2 3 |  3.8
Armour         | 1 2 3 |  3.8
Shields        | 1 2 3 |  3.8
Unarmed Combat | 1 2 3 |  3.8
Spellcasting   | 1 2 3 |  3.8
Evocations     | 1 2 3 |  3.8
Shapeshifting  | 1 2 3 |  3.4
Conjurations   | 1 2 3 |  3.1
Hexes          | 1 2 3 |  3.1
Summonings     | 1 2 3 |  3.1
Necromancy     | 1 2 3 |  3.1
Translocations | 1 2 3 |  3.1
Fire Magic     | 1 2 3 |  3.1
Ice Magic      | 1 2 3 |  3.1
Air Magic      | 1 2 3 |  3.1
Earth Magic    | 1 2 3 |  3.1
Alchemy        | 1 2 3 |  3.1
Dodging        | 3 4 |  4.6
Stealth        | 8 |  8.7
Fighting       | 5 6 |  6.0
Short Blades   | 5 6 |  6.0
Throwing       | 5 6 |  6.0

Action                     |  1- 3 |  4- 6 |  7- 9 || total
---------------------------+-------+-------+-------++-------
  Melee: Dagger            |    93 |   173 |   175 ||   441
         Bite              |     9 |    21 |    23 ||    53
         Punch             |     1 |     2 |     7 ||    10
  Throw: Dart              |       |     2 |       ||     2
         Boomerang         |       |       |     4 ||     4
  Evoke: Wand              |       |       |     5 ||     5
    Use: Potion            |       |     3 |     5 ||     8
   Stab: Sleeping          |    11 |    18 |    12 ||    41
         Distracted        |     1 |       |     1 ||     2
 Armour: Robe              |    18 |       |       ||    18
         Ring mail         |    10 |    80 |   100 ||   190
  Dodge: Dodged            |    35 |    65 |    59 ||   159
